PAAA
BALTIMORE BLACK SOX @ JERSEY CITY TRITONS
08/16/2034
 
TOP OF THE 1ST
Baltimore Black Sox batting - Pitching for Jersey City Tritons : LHP Noe Toepfer
Pitching: LHP Noe Toepfer
Batting: RHB Fernando Martínez 0-0: Called Strike
0-1: Ball
1-1: Called Strike
1-2: Ball
2-2: Strikes out swinging
Batting: LHB Henry Madore 0-0: Swinging Strike
0-1: Swinging Strike
0-2: Strikes out swinging
Batting: RHB Daniel Bertrand 0-0: Ball
1-0: Ball
2-0: Ball
3-0: Called Strike
3-1: Fly out, F8 (Flyball, 8LS)
Top of the 1st over - 0 runs, 0 hits, 0 errors, 0 left on base; Baltimore 0 - Jersey City 0
BOTTOM OF THE 1ST
Jersey City Tritons batting - Pitching for Baltimore Black Sox : RHP Kelemeneke Balun
Pitching: RHP Kelemeneke Balun
Batting: RHB Rubén Arce 0-0: SINGLE (Groundball, 6D)
Batting: RHB Phil Oostermeer 0-0: Ball
1-0: Called Strike
Rubén Arce steals 2nd base
1-1: SINGLE (Groundball, 34D)
Rubén Arce to third
Runner from 3rd tries for Home, SAFE, no throw
Batting: LHB Dana Waldrip 0-0: Ball
1-0: SINGLE (Flyball, 89M)
Phil Oostermeer to second
Runner from 2nd tries for 3rd, SAFE, no throw
Batting: RHB Carlos Rúbio 0-0: Ball
1-0: Ball
2-0: Called Strike
2-1: Grounds into double play, 1-6-3 (Groundball, 13S)
Batting: LHB Mathias Gudmestad 0-0: Called Strike
0-1: Swinging Strike
0-2: SINGLE (Line Drive, 89S)
Phil Oostermeer scores
Batting: RHB Obi Jones 0-0: Ball
1-0: Foul Ball, location: 2F
1-1: Ball
2-1: Foul Ball, location: 2F
2-2: SINGLE (Line Drive, 78S)
Mathias Gudmestad to second
Batting: RHB Micheal Lovell 0-0: Ball
1-0: Called Strike
1-1: SINGLE (Groundball, 6MD)
Mathias Gudmestad to third
Obi Jones to second
Runner from 3rd tries for Home, throw and OUT!
Bottom of the 1st over - 2 runs, 6 hits, 0 errors, 2 left on base; Baltimore 0 - Jersey City 2
TOP OF THE 2ND
Baltimore Black Sox batting - Pitching for Jersey City Tritons : LHP Noe Toepfer
Batting: RHB Armando Alvarado 0-0: Ball
1-0: Ground out 6-3 (Groundball, 6)
Batting: RHB Berihun Tukufu 0-0: Ball
1-0: Swinging Strike
1-1: Called Strike
1-2: Ball
2-2: Ball
3-2: Foul Ball, location: 2F
3-2: Strikes out swinging
Batting: RHB Raúl Cicerón 0-0: Called Strike
0-1: Foul Ball, location: 2F
0-2: Strikes out swinging
Top of the 2nd over - 0 runs, 0 hits, 0 errors, 0 left on base; Baltimore 0 - Jersey City 2
BOTTOM OF THE 2ND
Jersey City Tritons batting - Pitching for Baltimore Black Sox : RHP Kelemeneke Balun
Batting: RHB Wes Griffith 0-0: DOUBLE (Line Drive, 8LD)
Batting: RHB Alfonso Morín 0-0: Called Strike
Throwing error on steal attempt, E2
Wes Griffith scores
0-1: Foul Ball, location: 2F
0-2: Foul Ball, location: 2F
0-2: Fly out, F3 (Popup, 3SF)
Batting: RHB Rubén Arce 0-0: Ball
1-0: Swinging Strike
1-1: Foul Ball, location: 2F
1-2: Fly out, F6 (Popup, 6MD)
Batting: RHB Phil Oostermeer 0-0: Foul Ball, location: 2F
0-1: Fly out, F9 (Flyball, 9LSF)
Bottom of the 2nd over - 1 run, 1 hit, 1 error, 0 left on base; Baltimore 0 - Jersey City 3
TOP OF THE 3RD
Baltimore Black Sox batting - Pitching for Jersey City Tritons : LHP Noe Toepfer
Batting: RHB Lee Storment 0-0: Ball
1-0: Ball
2-0: Ball
3-0: Called Strike
3-1: Base on Balls
Batting: LHB Marcos Costa 0-0: Foul Ball, location: 2F
0-1: Called Strike
0-2: Ball
1-2: Foul Ball, location: 2F
1-2: Fielders Choice at 2nd, 1-6 (Groundball, P)
Batting: SHB Alex Mable 0-0: Ball
1-0: Ball
2-0: Foul Ball, location: 2F
2-1: Foul Ball, location: 2F
2-2: Foul Ball, location: 2F
2-2: Foul Ball, location: 2F
2-2: Strikes out swinging
Batting: RHB Fernando Martínez 0-0: Foul Ball, location: 2F
0-1: Ball
1-1: Foul Ball, location: 2F
1-2: Ball
2-2: Ground out 4-3 (Groundball, 4)
Top of the 3rd over - 0 runs, 0 hits, 0 errors, 1 left on base; Baltimore 0 - Jersey City 3
BOTTOM OF THE 3RD
Jersey City Tritons batting - Pitching for Baltimore Black Sox : RHP Kelemeneke Balun
Batting: LHB Dana Waldrip 0-0: Ball
1-0: Ball
2-0: Called Strike
2-1: Swinging Strike
2-2: Fly out, F7 (Flyball, 7LD)
Batting: RHB Carlos Rúbio 0-0: Ball
1-0: Foul Ball, location: 2F
1-1: Ball
2-1: Ball
3-1: Base on Balls
Batting: LHB Mathias Gudmestad 0-0: Ball
1-0: 2-RUN HOME RUN (Flyball, 9D), Distance : 377 ft
Batting: RHB Obi Jones 0-0: Ball
1-0: Ball
2-0: Ball
3-0: Called Strike
3-1: Ground out 6-3 (Groundball, 6)
Batting: RHB Micheal Lovell 0-0: Ground out 6-3 (Groundball, 6)
Bottom of the 3rd over - 2 runs, 1 hit, 0 errors, 0 left on base; Baltimore 0 - Jersey City 5
TOP OF THE 4TH
Baltimore Black Sox batting - Pitching for Jersey City Tritons : LHP Noe Toepfer
Batting: LHB Henry Madore 0-0: Called Strike
0-1: Called Strike
0-2: Strikes out swinging
Batting: RHB Daniel Bertrand 0-0: Ball
1-0: Fly out, F7 (Flyball, 78S)
Batting: RHB Armando Alvarado 0-0: Ball
1-0: Ball
2-0: Called Strike
2-1: Called Strike
2-2: SINGLE (Groundball, 6MD)
Batting: RHB Berihun Tukufu 0-0: Ball
1-0: Called Strike
1-1: Ball
2-1: Foul Ball, location: 2F
2-2: Strikes out looking
Top of the 4th over - 0 runs, 1 hit, 0 errors, 1 left on base; Baltimore 0 - Jersey City 5
BOTTOM OF THE 4TH
Jersey City Tritons batting - Pitching for Baltimore Black Sox : RHP Kelemeneke Balun
Batting: RHB Wes Griffith 0-0: SINGLE (Line Drive, 8LS)
Batting: RHB Alfonso Morín 0-0: Swinging Strike
0-1: Called Strike
0-2: Ball
1-2: Strikes out swinging
Batting: RHB Rubén Arce 0-0: Called Strike
0-1: Called Strike
Wes Griffith steals 2nd base
0-2: Ball
1-2: Foul Ball, location: 2F
1-2: Ball
2-2: SINGLE (Groundball, 56D)
Wes Griffith to third
Runner from 3rd tries for Home, throw and OUT!
Rubén Arce to second
Batting: RHB Phil Oostermeer 0-0: Ball
1-0: Ball
2-0: Ball
3-0: Base on Balls
Batting: LHB Dana Waldrip 0-0: Ball
1-0: Called Strike
1-1: Called Strike
1-2: Foul Ball, location: 2F
1-2: Reached on error, E4 (Groundball, 4)
Rubén Arce scores
Phil Oostermeer to third
Batting: RHB Carlos Rúbio 0-0: Called Strike
0-1: Swinging Strike
0-2: Ball
1-2: Strikes out swinging
Bottom of the 4th over - 1 run, 2 hits, 1 error, 2 left on base; Baltimore 0 - Jersey City 6
TOP OF THE 5TH
Baltimore Black Sox batting - Pitching for Jersey City Tritons : LHP Noe Toepfer
Batting: RHB Raúl Cicerón 0-0: Reached via error on a dropped throw, E3
Batting: RHB Lee Storment 0-0: Called Strike
0-1: Ball
1-1: Swinging Strike
1-2: Fly out, F8 (Line Drive, 8RD)
Batting: LHB Marcos Costa 0-0: Called Strike
0-1: Grounds into double play, 6-4-3 (Groundball, 6M)
Top of the 5th over - 0 runs, 0 hits, 1 error, 0 left on base; Baltimore 0 - Jersey City 6
BOTTOM OF THE 5TH
Jersey City Tritons batting - Pitching for Baltimore Black Sox : RHP Kelemeneke Balun
Batting: LHB Mathias Gudmestad 0-0: Foul Ball, location: 2F
0-1: Ball
1-1: Ball
2-1: Ground out 1-3 (Groundball, 13S)
Batting: RHB Obi Jones 0-0: Ball
1-0: Foul Ball, location: 2F
1-1: Foul Ball, location: 2F
1-2: Ball
2-2: Foul Ball, location: 2F
2-2: Fly out, F9 (Flyball, 9S)
Batting: RHB Micheal Lovell 0-0: Ball
1-0: SINGLE (Line Drive, 8LS)
Batting: RHB Wes Griffith 0-0: Called Strike
0-1: Called Strike
0-2: Ball
Micheal Lovell is caught stealing 2nd base
Bottom of the 5th over - 0 runs, 1 hit, 0 errors, 0 left on base; Baltimore 0 - Jersey City 6
TOP OF THE 6TH
Baltimore Black Sox batting - Pitching for Jersey City Tritons : LHP Noe Toepfer
Batting: SHB Alex Mable 0-0: Fly out, F5 (Popup, 56S)
Batting: RHB Fernando Martínez 0-0: Called Strike
0-1: Foul Ball, location: 2F
0-2: Ball
1-2: Foul Ball, location: 2F
1-2: Strikes out looking
Batting: LHB Henry Madore 0-0: SINGLE (Groundball, 34D)
Batting: RHB Daniel Bertrand 0-0: Called Strike
0-1: Called Strike
0-2: Ball
1-2: SINGLE (Groundball, 4) (infield hit)
Henry Madore to second
Batting: RHB Armando Alvarado 0-0: Ball
1-0: Ball
2-0: 3-RUN HOME RUN (Flyball, 9LD), Distance : 346 ft
Batting: RHB Berihun Tukufu 0-0: Ball
1-0: DOUBLE (Line Drive, 8LD)
Batting: RHB Raúl Cicerón 0-0: Called Strike
0-1: Fly out, F3 (Popup, 3SF)
Top of the 6th over - 3 runs, 4 hits, 0 errors, 1 left on base; Baltimore 3 - Jersey City 6
BOTTOM OF THE 6TH
Jersey City Tritons batting - Pitching for Baltimore Black Sox : RHP Kelemeneke Balun
Pitching: LHP Francisco Gonsáles
Batting: RHB Wes Griffith 0-0: Swinging Strike
0-1: SINGLE (Groundball, 56D)
Batting: RHB Alfonso Morín 0-0: Ball
1-0: Ball
2-0: Fly out, F8 (Line Drive, 89M)
Batting: RHB Rubén Arce 0-0: Foul Ball, location: 2F
0-1: Ball
1-1: Ball
2-1: Ball
3-1: Fly out, F7 (Flyball, 7)
Batting: RHB Phil Oostermeer 0-0: Ball
1-0: Ball
Wes Griffith is caught stealing 2nd base
Bottom of the 6th over - 0 runs, 1 hit, 0 errors, 0 left on base; Baltimore 3 - Jersey City 6
TOP OF THE 7TH
Baltimore Black Sox batting - Pitching for Jersey City Tritons : LHP Noe Toepfer
Batting: RHB Lee Storment 0-0: Called Strike
0-1: Swinging Strike
0-2: Ball
1-2: Foul Ball, location: 2F
1-2: Strikes out swinging
Batting: LHB Marcos Costa 0-0: Swinging Strike
0-1: Ball
1-1: Called Strike
1-2: Strikes out swinging
Batting: SHB Alex Mable 0-0: Foul Ball, location: 2F
0-1: Foul Ball, location: 2F
0-2: Ball
1-2: Ball
2-2: Strikes out swinging
Top of the 7th over - 0 runs, 0 hits, 0 errors, 0 left on base; Baltimore 3 - Jersey City 6
BOTTOM OF THE 7TH
Jersey City Tritons batting - Pitching for Baltimore Black Sox : LHP Francisco Gonsáles
Batting: RHB Phil Oostermeer 0-0: Ball
1-0: Foul Ball, location: 2F
1-1: Ground out 6-3 (Groundball, 6)
Batting: LHB Dana Waldrip 0-0: Swinging Strike
0-1: Foul Ball, location: 2F
0-2: Foul Ball, location: 2F
0-2: Hit by Pitch
Batting: RHB Carlos Rúbio 0-0: Ball
1-0: 2-RUN HOME RUN (Flyball, 7LD), Distance : 341 ft
Batting: LHB Mathias Gudmestad 0-0: Called Strike
0-1: DOUBLE (Groundball, 3L)
Batting: RHB Obi Jones 0-0: Ball
1-0: Swinging Strike
1-1: Called Strike
1-2: Ball
2-2: Strikes out swinging
Batting: RHB Micheal Lovell 0-0: Called Strike
0-1: Called Strike
0-2: Foul Ball, location: 2F
0-2: Ball
1-2: Strikes out looking
Bottom of the 7th over - 2 runs, 2 hits, 0 errors, 1 left on base; Baltimore 3 - Jersey City 8
TOP OF THE 8TH
Baltimore Black Sox batting - Pitching for Jersey City Tritons : LHP Noe Toepfer
Pitching: RHP Doug Green
Now at 2B: Anastasio Hernández
Now in LF: Dani Durán
Batting: RHB Fernando Martínez 0-0: Ground out 6-3 (Groundball, 6)
Batting: LHB Henry Madore 0-0: Ground out 5-3 (Groundball, 56)
Batting: RHB Daniel Bertrand 0-0: Ball
1-0: Ball
2-0: Foul Ball, location: 2F
2-1: Ball
3-1: Ground out 4-3 (Groundball, 4)
Top of the 8th over - 0 runs, 0 hits, 0 errors, 0 left on base; Baltimore 3 - Jersey City 8
BOTTOM OF THE 8TH
Jersey City Tritons batting - Pitching for Baltimore Black Sox : LHP Francisco Gonsáles
Batting: RHB Wes Griffith 0-0: Called Strike
0-1: SINGLE (Groundball, 6MD)
Batting: RHB Alfonso Morín 0-0: Ball
1-0: Swinging Strike
1-1: Called Strike
1-2: Grounds into double play, 4-6-3 (Groundball, 34)
Batting: RHB Rubén Arce 0-0: Foul Ball, location: 2F
0-1: Ball
1-1: SINGLE (Groundball, 5D)
Batting: RHB Phil Oostermeer 0-0: Fly out, F9 (Flyball, 89M)
Bottom of the 8th over - 0 runs, 2 hits, 0 errors, 1 left on base; Baltimore 3 - Jersey City 8
TOP OF THE 9TH
Baltimore Black Sox batting - Pitching for Jersey City Tritons : RHP Doug Green
Now at 1B: Júlio Costa
Batting: RHB Armando Alvarado 0-0: Ball
1-0: Ball
2-0: Ball
3-0: Called Strike
3-1: Fly out, F8 (Flyball, 89XD)
Batting: RHB Berihun Tukufu 0-0: SINGLE (Flyball, 89S)
Batting: RHB Raúl Cicerón 0-0: Called Strike
0-1: SINGLE (Groundball, 56D)
Berihun Tukufu to second
Batting: RHB Lee Storment 0-0: SINGLE (Groundball, 56D)
Berihun Tukufu to third
Raúl Cicerón to second
Pitching: RHP Raúl Flores
Batting: LHB Marcos Costa 0-0: DOUBLE (Line Drive, 9LM)
Berihun Tukufu scores
Raúl Cicerón scores
Lee Storment to third
Batting: SHB Alex Mable 0-0: Fly out, F3 (Line Drive, 3S)
Batting: RHB Fernando Martínez 0-0: Ball
1-0: Called Strike
1-1: Ball
2-1: Foul Ball, location: 2F
2-2: Ball
3-2: SINGLE (Groundball, 56S) (infield hit)
Lee Storment scores
Marcos Costa to third
Batting: LHB Henry Madore 0-0: Ball
1-0: Swinging Strike
1-1: Called Strike
1-2: Strikes out swinging
Top of the 9th over - 3 runs, 5 hits, 0 errors, 2 left on base; Baltimore 6 - Jersey City 8
Friday, March 29th, 2019 - OOTP Baseball 18.8 Build 76